 Dungeon Crawl Stone Soup version 0.28.0 (webtiles) character file.

Game seed: 5856462391348985806

64 browni3141 the Chopper (level 3, -2/51 HPs)
             Began as a Minotaur Berserker on Feb 16, 2022.
             Was a Believer of Trog.
             Slain by an orc (6 damage)
             ... on level 3 of the Dungeon.
             The game lasted 00:00:50 (1567 turns).

browni3141 the Chopper (Minotaur Berserker)         Turns: 1567, Time: 00:00:50

Health: -2/51      AC:  2    Str: 23    XL:     3   Next: 91%
Magic:  2/2        EV: 12    Int:  4    God:    Trog [**....]
Gold:   102        SH:  0    Dex:  9    Spells: 2/2 levels left

rFire   . . .      SeeInvis .   a - +0 hand axe
rCold   . . .      Faith    .   (no shield)
rNeg    . . .      Spirit   .   b - +0 animal skin
rPois   .          Reflect  .   (helmet restricted)
rElec   .          Harm     .   (no cloak)
rCorr   .          Rampage  .   (no gloves)
Will    ++...                   (no boots)
Stlth   ..........              (no amulet)
HPRegen 1.17/turn               (no ring)
MPRegen 0.08/turn               (no ring)

@: berserking (expiring), strong-willed (expiring), regenerating (expiring),
very quick
A: horns 2, retaliatory headbutt
a: Renounce Religion, Berserk, Trog's Hand


You were on level 3 of the Dungeon.
You worshipped Trog.
Trog was pleased with you.
You visited 1 branch of the dungeon, and saw 3 of its levels.

You collected 102 gold pieces.

Inventory:

Hand Weapons
 a - a +0 hand axe (weapon)
Missiles
 h - 2 throwing nets (quivered)
Armour
 b - a +0 animal skin (worn)
Jewellery
 k - a ring of fire
Scrolls
 d - a scroll of teleportation {unknown}
 i - a scroll of immolation {unknown}
 l - a scroll of enchant weapon {unknown}
Potions
 c - a potion of mutation {unknown}
 e - a potion of ambrosia {unknown}
 f - a potion of heal wounds {unknown}
 g - a potion of haste {unknown}
 j - a potion of attraction {unknown}


   Skills:
 + Level 4.4 Fighting
 + Level 4.5 Axes
 + Level 3.6 Armour
 - Level 2.1 Dodging


You had 2 spell levels left.
You didn't know any spells.
Your spell library was empty.

Dungeon Overview and Level Annotations

Branches:
Dungeon (3/15)

Altars:

Shops:
D:3 (


Innate Abilities, Weirdness & Mutations

You have a pair of horns on your head.
You reflexively headbutt those who attack you in melee.


Message History

You hit the orc.
The orc is almost dead.
The orc wizard gestures at you while chanting.
The puff of flame hits you!
* * * LOW HITPOINT WARNING * * *
The orc closely misses you. The orc hits you with a +0 club.
* * * LOW HITPOINT WARNING * * *
The orc barely misses you.
There are monsters nearby!
Unknown command.
Your skin crawls.
You feel strong-willed. The orc barely misses you.
The orc wizard hits you with a +0 dagger.
* * * LOW HITPOINT WARNING * * *
The orc hits you from afar with a +0 trident.
* * * LOW HITPOINT WARNING * * *
A red film seems to cover your vision as you go berserk!
You feel yourself moving faster!
You feel mighty! The orc hits you with a +0 club.
* * * LOW HITPOINT WARNING * * *
The orc wizard gestures wildly while chanting.
The orc wizard flickers and vanishes!
Deactivating autopickup; reactivate with Ctrl-A.
The orc barely misses you.
You hit the orc but do no damage. You headbutt the orc.
You kill the orc!
Trog accepts your kill.
You barely miss something.
Unknown command.
You barely miss something. You headbutt something! Something hits you.
* * * LOW HITPOINT WARNING * * *
The orc closely misses you.
You closely miss something. Your headbutt misses something.
You feel the effects of Trog's Hand fading.
Something hits you but does no damage. The orc misses you.
You hit something. Something hits you.
* * * LOW HITPOINT WARNING * * *
The orc hits you from afar with a +0 trident.
You die...

#...##....#
######.######..#
#......######...
#...........)..#
###......######...
#........# ##.
#.#.:....# .
##...######
#)@...# #..{..)[#
#..o.∩.†.#
#........#
#.#.....##
#.##...## # ...##
##..


You could see an orc.

Vanquished Creatures
  An adder (D:2)
  3 dart slugs (D:1)
  An orc (D:3)
  5 endoplasms
  A giant cockroach (D:3)
  8 goblins
  A hobgoblin (D:1)
  2 quokkas
  3 ball pythons
  7 bats
  2 frilled lizards (D:2)
  6 kobolds
  6 rats
  3 toadstools (D:1)
49 creatures vanquished.

Vanquished Creatures (others)
  A toadstool (D:1)
1 creature vanquished.

Grand Total: 50 creatures vanquished

Notes
Turn   | Place    | Note
-------+----------+-------------------------------------------
     0 | D:1      | browni3141 the Minotaur Berserker began the quest for the
                  | Orb.
     0 | D:1      | Reached XP level 1. HP: 19/19 MP: 0/0
   284 | D:1      | Reached XP level 2. HP: 15/27 MP: 1/1
   676 | D:1      | Found a faded altar of an unknown god.
   718 | D:1      | Reached XP level 3. HP: 28/33 MP: 2/2
   985 | D:2      | Reached ** piety under Trog
  1555 | D:3      | Found Zaefisoss's Weapon Shop.
  1567 | D:3      | Slain by an orc

Illustrated notes

Levels and vault maps discovered:
D:1:      ldierk_water_garden, layout_rooms, chequers_ecumenical_altar_grove
D:2:      layout_basic
D:3:      layout_rooms, nzn_overflow_gifts_of_might_and_magic,
          mainiacjoe_overflow_two_lobes, serial_shops,
          nicolae_shop_bloodbath_and_beyond

Skill      XL: |  1  2 |
---------------+-------+-----
Axes           | 4 |  4.5
Fighting       | 4 |  4.4
Armour         | 3 |  3.6
Dodging        | |  2.1

Action                   || total
-------------------------++-------
Melee: Hand axe          ||    91
       Headbutt          ||    13
       Punch             ||     1
Invok: Berserk           ||     1
       Trog's Hand       ||     1
 Stab: Sleeping          ||     1
Armor: Animal skin       ||    22
Dodge: Dodged            ||    63
